 Dungeon Crawl Stone Soup version 0.26.0-57-g60708a5e39 (webtiles) character file.

Game seed: 1302906690578067767

1916 Gadfly the Tainted (level 9, -11/102 HPs)
             Began as a Formicid Fighter on Feb 1, 2021.
             Was an Initiate of Yredelemnul.
             Mangled by a bunyip (20 damage)
             ... on level 6 of the Dungeon.
             The game lasted 00:10:43 (7824 turns).

Gadfly the Tainted (Formicid Fighter)               Turns: 7824, Time: 00:10:45

Health: -11/102    AC: 24    Str: 24    XL:     9   Next: 39%
Magic:  13/13      EV:  2    Int:  8    God:    Yredelemnul [......]
Gold:   208        SH: 11    Dex: 16    Spells: 8/8 levels left

rFire    . . .     SeeInvis .   a - +0 trident (freeze)
rCold    . . .     Faith    .   c - +0 kite shield
rNeg     + + +     Spirit   .   (armour currently unavailable)
rPois    +         Reflect  .   (helmet unavailable)
rElec    .         Harm     .   (cloak currently unavailable)
rCorr    .         Rampage  .   (gloves currently unavailable)
Will     +....                  (boots currently unavailable)
Stlth    +.........             t - amulet of regeneration
HPRegen  0.67/turn              h - ring of willpower
MPRegen  0.13/turn              s - +6 ring of dexterity

@: mighty, tree-form
A: permanent stasis, dig shafts and tunnels, four strong arms
a: Renounce Religion


You were on level 6 of the Dungeon.
You worshipped Yredelemnul.
Yredelemnul was noncommittal.
You were a tree.
You visited 2 branches of the dungeon, and saw 8 of its levels.

You collected 368 gold pieces.
You spent 160 gold pieces at shops.

Inventory:

Hand Weapons
 a - a +0 trident of freezing (weapon)
Armour
 c - a +0 kite shield (worn)
 m - a +3 chain mail of cold resistance (melded)
 u - a +0 cloak (melded)
Jewellery
 e - an uncursed ring of positive energy
 h - a ring of willpower (left branch)
 s - a +6 ring of dexterity (right branch)
 t - an amulet of regeneration (around neck)
Wands
 l - a wand of polymorph (4) (quivered)
 r - a wand of random effects (13)
Scrolls
 b - a scroll of fear
 g - 2 scrolls of brand weapon
 i - 3 scrolls of remove curse
 k - a scroll of summoning
 n - a scroll of magic mapping
 q - 2 scrolls of identify
 v - a scroll of silence {unknown}
Potions
 d - 2 potions of might
 f - a potion of curing
 j - a potion of flight
 o - a potion of magic
 p - a potion of lignification


   Skills:
 + Level 5.3 Fighting
 * Level 5.7 Polearms
 + Level 5.3 Armour
 + Level 6.0 Shields
 + Level 6.2 Invocations
 + Level 5.9 Evocations


You had 8 spell levels left.
You didn't know any spells.
Your spell library contained the following spells:

 Spells                   Type           Power        Failure   Level
 Confusing Touch          Hex            0%           94%         3
 Gell's Gravitas          Tloc           0%           94%         3
 Petrify                  Tmut/Erth      0%           100%        4
 Metabolic Englaciation   Hex/Ice        0%           100%        5
 Yara's Violent Unravell  Hex/Tmut       0%           100%        5


Dungeon Overview and Level Annotations

Branches:
Dungeon (7/15)             Temple (1/1) D:6

Altars:
Ashenzari
Cheibriados
Dithmenos
Elyvilon
Fedhas
Gozag
Hepliaklqana
Kikubaaqudgha
Makhleb
Okawaru
Qazlal
Ru
Trog
Vehumet
Wu Jian
Xom
Yredelemnul
Zin
The Shining One

Shops:
D:4 *   D:6 :==*

Annotations:
D:4 2 transporters


Innate Abilities, Weirdness & Mutations

You cannot be hasted, slowed, berserked, paralysed or teleported.
You can dig through walls and to a lower floor.
Your four strong arms can wield two-handed weapons with a shield.
((You have a pair of large antennae on your head. (SInv)))


Message History

The bunyip is moderately wounded.
You barely miss the bunyip.
The bunyip is moderately wounded.
You puncture the bunyip! You freeze the bunyip.
The bunyip is heavily wounded.
The bunyip claws you but does no damage.
You block the bunyip's attack.
The bunyip claws you but does no damage.
You barely miss the bunyip.
The bunyip is heavily wounded.
You hit the bunyip. You freeze the bunyip.
The bunyip is heavily wounded.
You puncture the bunyip! You freeze the bunyip.
The bunyip is severely wounded.
The bunyip claws you but does no damage.
The bunyip claws you!
* * * LOW HITPOINT WARNING * * *
The bunyip claws you!!
You die...
Your body rises from the dead as a mindless zombie.

.####### #.##
#########.#### ..# #..##
#......##.# #.##
#########..# #.........#
#..#
#..∩.......###.....<####
##.# #..........##.......#
#.# ##.........[[........#
#.###....................#
##.....#######.#.x.#..>...#
...(............♣###......#
###...########.#.# #D.....#
#.#.### ##...#.# #......#
#.#...###..###.# ########
##.###..##.## #.## ##..#
##....# #..### ...##
##..### ##...### .###
##...########....#
...###..#..#..........#


You could see a bunyip.

Vanquished Creatures
  Sigmund (D:4)
  3 orc warriors
  2 centaurs (D:5)
  An ogre (D:5)
  4 bullfrogs
  A scorpion (D:5)
  2 howler monkeys (D:4)
  A hound (D:7)
  A jelly (D:3)
  4 orc wizards
  2 centaur skeletons
  A gnoll shaman (D:5)
  An iguana (D:3)
  Ijyb (D:3)
  Natasha (thrice) (D:3)
  4 worker ants
  A hound skeleton (D:5)
  A worker ant zombie (D:5)
  5 gnolls
  10 adders
  2 shadow imps
  A white imp (D:5)
  2 oozes
  An adder skeleton (D:7)
  3 worms
  3 dart slugs
  7 leopard geckos
  24 orcs
  5 ball pythons
  9 giant cockroaches
  12 goblins
  9 hobgoblins
  5 jackals
  10 kobolds
  4 quokkas
  8 bats
  7 frilled lizards
  A quokka skeleton (D:5)
  A quokka zombie (D:5)
  9 rats
172 creatures vanquished.

Vanquished Creatures (others)
  2 plants (D:5)
2 creatures vanquished.

Grand Total: 174 creatures vanquished

Notes
Turn   | Place    | Note
-------+----------+-------------------------------------------
     0 | D:1      | Gadfly the Formicid Fighter began the quest for the Orb.
     0 | D:1      | Reached XP level 1. HP: 18/18 MP: 1/1
    37 | D:1      | Reached XP level 2. HP: 24/24 MP: 2/2
   133 | D:1      | Reached skill level 1 in Invocations
   137 | D:1      | Reached skill level 1 in Evocations
   274 | D:1      | Reached XP level 3. HP: 29/29 MP: 3/3
   845 | D:2      | Found a shadowy altar of Dithmenos.
   949 | D:2      | Reached XP level 4. HP: 33/35 MP: 5/5
  1396 | D:2      | Found a glowing silver altar of Zin.
  1402 | D:2      | Found a stormy altar of Qazlal.
  1404 | D:2      | Noticed a fire elemental
  1405 | D:2      | Noticed an air elemental
  1405 | D:2      | Noticed a water elemental
  1405 | D:2      | Noticed an earth elemental
  1851 | D:3      | Reached XP level 5. HP: 21/41 MP: 6/6
  2327 | D:3      | Noticed Natasha
  2336 | D:3      | Killed Natasha
  2469 | D:3      | Found a blossoming altar of Fedhas.
  2485 | D:3      | Noticed Natasha
  2491 | D:3      | Killed Natasha
  2492 | D:3      | Reached XP level 6. HP: 48/48 MP: 8/8
  2543 | D:3      | Noticed Natasha
  2549 | D:3      | Killed Natasha
  2783 | D:3      | Found a shimmering altar of Xom.
  2896 | D:3      | Noticed Ijyb
  2914 | D:3      | Killed Ijyb
  3140 | D:4      | Found a burning altar of Makhleb.
  3237 | D:4      | Found a transporter.
  3244 | D:4      | Found a transporter.
  3246 | D:4      | Noticed a manticore
  3248 | D:4      | Found a snail-covered altar of Cheibriados.
  3369 | D:4      | Reached XP level 7. HP: 27/54 MP: 9/9
  3533 | D:4      | Found Mamoak's General Store.
  3539 | D:4      | Bought a potion of flight for 33 gold pieces
  3539 | D:4      | Bought a scroll of summoning for 104 gold pieces
  4174 | D:4      | Noticed Sigmund
  4190 | D:4      | Killed Sigmund
  4191 | D:4      | Reached skill level 5 in Shields
  4191 | D:4      | Reached XP level 8. HP: 43/61 MP: 11/11
  4643 | D:5      | Entered Level 5 of the Dungeon
  4955 | D:5      | Reached skill level 5 in Invocations
  5151 | D:5      | Found a blossoming altar of Fedhas.
  5341 | D:5      | Found a bloodstained altar of Trog.
  5506 | D:5      | Found a broken altar of Ashenzari.
  5603 | D:5      | Reached skill level 5 in Evocations
  6157 | D:6      | Found Yghuka's Assorted Antiques.
  6172 | D:6      | Bought a scroll labelled QATU ENEDUTAMA for 23 gold pieces
  6194 | D:6      | Found Myinug's Jewellery Shop.
  6228 | D:5      | Reached skill level 5 in Polearms
  6228 | D:5      | Reached skill level 5 in Armour
  6446 | D:6      | Found Nyhidoc's Jewellery Boutique.
  6503 | D:6      | Reached skill level 5 in Fighting
  6503 | D:6      | Reached XP level 9. HP: 33/68 MP: 13/13
  6858 | D:6      | Found a staircase to the Ecumenical Temple.
  6980 | Temple   | Entered the Ecumenical Temple
  7070 | Temple   | Became a worshipper of Yredelemnul the Dark
  7140 | D:6      | Found Fuom's Book Shoppe.
  7328 | D:7      | Noticed a brown ugly thing
  7330 | D:7      | Noticed a six-headed hydra
  7810 | D:6      | Noticed a bunyip
  7810 | D:6      | a six-headed hydra changed into a bunyip
  7824 | D:6      | Mangled by a bunyip

Illustrated notes

Levels and vault maps discovered:
D:1:      lightli_arrival_chessboard, layout_basic
D:2:      layout_loops_ring, overflow_temple_1_default, marbit_many_paths,
          nicolae_qazlal_style_of_elements
D:3:      layout_rooms, general_overflow_altar, lemuel_crystal_altar, uniq_ijyb,
          uniq_natasha
D:4:      layout_loops_corners, bloody_makhleb, gammafunk_temple_overflow_arena,
          serial_shops, shop, uniq_sigmund
D:5:      layout_loops_corners, evilmike_ruin_ashenzari, bloody_trog,
          st_stairs_14, chequers_mini_garden, fedhas_ov_isle_minmay
D:6:      layout_rooms, minmay_temple_entry_statues, serial_shops, shop, shop,
          shop_coins, shop
D:7:      hangedman_cross_stitches, layout_basic, kennysheep_mini_moat,
          lemuel_doored_altar, serial_glass, glass_columns_b, glass_columns_a,
          glass_columns_b, serial_shops, shop
Temple:   zaba_magenta_temple

Skill      XL: |  1  2  3  4  5  6  7  8  9 |
---------------+----------------------------+-----
Invocations    | 1 2 3 4 5 6 |  6.2
Evocations     | 1 2 3 4 5 |  5.9
Shields        | 4 5 6 |  6.0
Polearms       | 3 4 5 |  5.7
Armour         | 4 5 |  5.3
Fighting       | 4 5 |  5.3

Action                   |  1- 3 |  4- 6 |  7- 9 || total
-------------------------+-------+-------+-------++-------
Melee: Trident           |   102 |   310 |   394 ||   806
       Unarmed           |       |     6 |       ||     6
Evoke: Wand              |       |       |     2 ||     2
  Use: Scroll            |     2 |     7 |     9 ||    18
       Potion            |       |     1 |     2 ||     3
Armor: Scale mail        |    35 |    85 |       ||   120
       Chain mail        |       |    55 |   170 ||   225
       Skin              |       |       |     3 ||     3
Dodge: Dodged            |    20 |   101 |    98 ||   219
Block: Kite shield       |    34 |   148 |   214 ||   396
